 Dungeon Crawl Stone Soup version 0.17.0-27-g4a3f43e (webtiles) character file.

191 Ace the Magician (level 5, -4/38 HPs)
             Began as a Draconian Fire Elementalist on Nov 21, 2015.
             Was an Initiate of Ashenzari.
             Killed by divine providence
             ... invoked by an orc priest
              (17 damage)
             ... on level 3 of the Dungeon.
             The game lasted 00:06:46 (3549 turns).

Ace the Magician (Draconian Fire Elementalist)      Turns: 3549, Time: 00:06:46

Health: -4/38      AC:  5    Str: 10    XL:     5   Next: 41%
Magic:  11/11      EV: 12    Int: 17    God:    Ashenzari [......]
Gold:   43         SH:  0    Dex: 11    Spells: 3 memorised, 6 levels left

rFire  . . .     SeeInvis .     o - +2 whip (flame)
rCold  . . .     Clarity  .     (armour unavailable)
rNeg   . . .     SustAt   .     (no shield)
rPois  .         Gourm    .     (helmet restricted)
rElec  .         Spirit   .     (no cloak)
rCorr  .         Warding  .     (no gloves)
rMut   .         Stasis   .     (no boots)
MR     .....                    (no amulet)
Stlth  ++........               (no ring)
                                (no ring)

@: not resistant to hostile enchantments, unstealthy
A: unfitting armour, cold-blooded, AC +5
a: Renounce Religion


You were on level 3 of the Dungeon.
You worshipped Ashenzari.
Ashenzari was noncommittal.
You were not hungry.

You visited 1 branch of the dungeon, and saw 3 of its levels.

You collected 43 gold pieces.

Inventory:

Hand Weapons
 o - a +2 whip of flaming (weapon)
Magical Staves
 w - an uncursed staff of power
Scrolls
 d - 3 scrolls of identify {unknown}
 e - a scroll of magic mapping {unknown}
 f - 4 scrolls of remove curse
 h - a scroll of enchant armour {unknown}
 j - a scroll of random uselessness {unknown}
 m - a scroll of amnesia {unknown}
 p - a scroll of fog {unknown}
 r - a scroll of recharging {unknown}
 s - a scroll of enchant weapon {unknown}
 t - a scroll of teleportation {unknown}
Potions
 i - a potion of flight {unknown}
 k - a potion of heal wounds {unknown}
 n - a potion of lignification {unknown}
 v - a potion of cancellation {unknown}
Books
 a - a book of Flames

   Spells                             Type                      Level
   a - Flame Tongue                   Conjuration/Fire             1
   b - Throw Flame                    Conjuration/Fire             2
   c - Conjure Flame                  Conjuration/Fire             3
   d - Inner Flame                    Hexes/Fire                   3
   e - Sticky Flame                   Conjuration/Fire             4
   f - Fireball                       Conjuration/Fire             5
Comestibles
 b - 4 bread rations
 c - a slice of pizza
 g - 3 beef jerkies
 l - 4 fruits
 q - a meat ration


   Skills:
 - Level 1.7 Dodging
 - Level 1.7 Stealth
 - Level 4.0 Spellcasting
 + Level 3.7 Conjurations
 - Level 3.0 Fire Magic


You had 6 spell levels left.
You knew the following spells:

 Your Spells              Type           Power        Failure   Level  Hunger
a - Flame Tongue          Conj/Fire      ##...        4%          1    None
b - Throw Flame           Conj/Fire      ##....       10%         2    ##.....
c - Conjure Flame         Conj/Fire      ##......     14%         3    ###....


Dungeon Overview and Level Annotations

Branches:
Dungeon (3/15)

Altars:
Ashenzari
Yredelemnul
The Shining One


Innate Abilities, Weirdness & Mutations

Your plain brown scales are hard (AC +5).
Your body does not fit into most forms of armour.
You are cold-blooded and may be slowed by cold attacks.


Message History

The orc wizard gestures wildly while chanting.
The orc wizard seems to speed up.
The orc priest mumbles some strange prayers to Beogh against you.
Pain shoots through your body!
You hit the orc priest. You burn the orc priest.
Your tail-slap misses the orc priest.
The orc priest is severely wounded.
The orc priest casts a cantrip, but nothing happens.
You closely miss the orc priest.
The orc priest is severely wounded.
The orc priest miscasts a cantrip.
You completely miss the orc priest.
Your tail-slap misses the orc priest.
The orc priest is severely wounded.
The orc priest mumbles some strange prayers to Beogh against you.
Something smites you!
You closely miss the orc priest.
Your tail-slap misses the orc priest.
The orc priest is severely wounded.
The orc priest invokes the aid of Beogh against you.
Something smites you!
You die...

.#...##.## ###
###.###.# #.# #
#.###.## #.#
#.##...#
####.#####.#
#....#.#
#..........#
######...#
#.####.#####
...###..####.# #.#
............>####.#
...###..#.......@.#
....##..#.##.####o#
.....)..#.##.# #o#
#.#.##..#.##.# #o#
#.#..........# #.#
#.####..#.#... ..#
#.. .......#. #.#
#.# #..#.#.. .# #..
........


You could see an orc priest, an orc wizard and an orc.

Vanquished Creatures
  A phantom (D:3)
  An orc priest (D:3)
  2 adders
  An ooze (D:3)
  2 worms
  2 giant geckos
  3 orcs (D:3)
  7 bats
  A giant cockroach (D:3)
  8 hobgoblins
  4 jackals (D:3)
  5 kobolds
  2 quokkas (D:2)
  A ball python (D:3)
  2 giant newts (D:1)
  5 goblins
  8 rats
55 creatures vanquished.

Notes
Turn   | Place    | Note
--------------------------------------------------------------
     0 | D:1      | Ace the Draconian Fire Elementalist began the quest for the Orb.
     0 | D:1      | Reached XP level 1. HP: 14/14 MP: 3/3
   406 | D:1      | Reached XP level 2. HP: 20/20 MP: 2/5
   767 | D:1      | HP: 1/20 [hobgoblin/club (6)]
  1545 | D:2      | Reached XP level 3. HP: 20/26 MP: 0/7
  1829 | D:2      | Learned a level 2 spell: Throw Flame
  1833 | D:2      | Learned a level 3 spell: Conjure Flame
  2790 | D:3      | Reached skill level 4 in Spellcasting
  2894 | D:3      | Found a shattered altar of Ashenzari.
  2894 | D:3      | Found a basalt altar of Yredelemnul.
  3006 | D:3      | Became a worshipper of Ashenzari the Shackled
  3116 | D:3      | Reached XP level 4. HP: 26/33 MP: 8/10
  3376 | D:3      | Found a glowing golden altar of the Shining One.
  3390 | D:3      | Noticed a phantom
  3413 | D:3      | Killed a phantom
  3413 | D:3      | Reached XP level 5. HP: 24/38 MP: 3/11
  3549 | D:3      | Killed from afar by an orc priest

Action                   |  1- 3 |  4- 6 || total
-------------------------+-------+-------++-------
Melee: Unarmed           |    42 |       ||    42
       Whip              |     7 |    14 ||    21
 Cast: Flame Tongue      |    79 |    24 ||   103
       Conjure Flame     |       |     1 ||     1
  Eat: Chunk             |     7 |     1 ||     8
